[Event "SM-gruppen"]
[Site "Växjö"]
[Date "2008.07.06"]
[Round "8"]
[White "Agrest , Evgenij"]
[Black "Grandelius, Nils"]
[Result "1-0"]
[WhiteElo "2567"]
[BlackElo "2388"]
[PlyCount "105"]
[TimeControl "40/7200:20/3600:1800"]

1. c4 Nf6 2. Nc3 e6 3. Nf3 Bb4 4. Qc2 c5 5. a3 Ba5 6. e3 Nc6 7. Be2 O-O 8. O-O
d6 9. d4 cxd4 10. exd4 h6 11. Rd1 d5 12. b4 Bc7 13. b5 Ne7 14. c5 Ng6 15. Bb2
Nh7 16. Bc1 Nf4 17. Bxf4 Bxf4 18. Bd3 Nf6 19. Re1 Bc7 20. Qe2 Qe7 21. Ne5 Nd7
22. Nxd7 Qxd7 23. Bc2 Qd8 24. Rad1 Bd7 25. Qd3 g6 26. a4 Qh4 27. g3 Qf6 28. Re3
Qg7 29. Re2 Rac8 30. Bb3 Kh8 31. Nb1 Rfd8 32. Qf3 Ba5 33. Qe3 Be8 34. Nd2 Rd7
35. Nf3 Kh7 36. Ne5 Re7 37. Qf3 Bd8 38. h4 Kh8 39. Kg2 h5 40. Qe3 Kg8 41. Rd3
Kh7 42. Qd2 Kg8 43. Rde3 Rec7 44. Nf3 Bd7 45. Re1 Qf8 46. Ne5 Be8 47. Bxd5 Bf6
48. Bf3 Rd8 49. Qa5 b6 50. cxb6 axb6 51. Qxb6 Rc2 52. d5 Rd6 53. Qa7 1-0

[Event "SM-gruppen"]
[Site "Växjö"]
[Date "2008.07.07"]
[Round "9"]
[White "Berg, Emanuel"]
[Black "Åkesson, Ralf"]
[Result "1-0"]
[WhiteElo "2601"]
[BlackElo "2466"]
[PlyCount "93"]
[TimeControl "40/7200:20/3600:1800"]

1. e4 c6 2. d4 d5 3. e5 Bf5 4. h4 h5 5. c4 e6 6. Bg5 Ne7 7. Nc3 dxc4 8. Bxc4
Nd7 9. Nge2 f6 10. exf6 gxf6 11. Bf4 Nb6 12. Bb3 Ned5 13. O-O Qd7 14. Bg3 Rg8
15. Nxd5 Nxd5 16. Bxd5 exd5 17. Nf4 O-O-O 18. Qa4 a6 19. Rac1 Bh6 20. Rc5 Qe8
21. Rfc1 Rxg3 22. fxg3 Qe3+ 23. Kh1 Qxg3 24. Rxc6+ Kb8 25. Rxa6 bxa6 26. Qxa6
Rg8 27. Qb6+ Ka8 28. Qa6+ Kb8 29. Qb6+ Ka8 30. Qa5+ Kb8 31. Qb4+ Ka8 32. Qa4+
Kb8 33. Qb5+ Ka8 34. Qxd5+ Kb8 35. Qb5+ Ka8 36. Qa4+ Kb8 37. Qb4+ Ka8 38. Qa5+
Kb8 39. Qc7+ Ka8 40. Qc6+ Kb8 41. Qd6+ Ka8 42. Qa6+ Kb8 43. Qb6+ Ka8 44. Qa5+
Kb8 45. Qb4+ Ka8 46. Rc5 Qxh4+ 47. Kg1 1-0

[Event "SM-gruppen"]
[Site "Växjö"]
[Date "2008.07.07"]
[Round "9"]
[White "Karlsson, Lars"]
[Black "Hector, Jonny "]
[Result "1/2-1/2"]
[WhiteElo "2475"]
[BlackElo "2532"]
[PlyCount "145"]
[TimeControl "40/7200:20/3600:1800"]

1. g3 d5 2. f4 Nc6 3. Nf3 Bg4 4. Bg2 Bxf3 5. Bxf3 e5 6. c4 dxc4 7. Qa4 Qd7 8.
Bxc6 bxc6 9. fxe5 f6 10. Qxc4 fxe5 11. Rf1 Nf6 12. Nc3 Rb8 13. a3 Be7 14. d3
Rf8 15. b4 Ng4 16. Rxf8+ Kxf8 17. Ne4 Nxh2 18. Be3 a5 19. Nc5 Qh3 20. Kd2 axb4
21. Rh1 Nf3+ 22. Kc2 Qxh1 23. Nd7+ Ke8 24. Nxb8 Ne1+ 25. Kd2 Qd5 26. Kxe1 bxa3
27. Bc1 a2 28. Qxd5 cxd5 29. Bb2 Ba3 30. Bxe5 c5 31. Ba1 Bb4+ 32. Kd1 d4 33.
Kc2 Bc3 34. Bb2 Ke7 35. Nc6+ Kd6 36. Nd8 a1=Q 37. Bxa1 Bxa1 38. Nb7+ Kd5 39.
Na5 Bc3 40. e4+ Ke6 41. Nb7 Bb4 42. Nd8+ Ke7 43. Nc6+ Kd6 44. Nd8 Be1 45. g4
Ke5 46. Kd1 Bb4 47. Nc6+ Kd6 48. Nd8 h6 49. Ke2 Ba3 50. Nb7+ Kc6 51. Na5+ Kb5
52. Nc4 Bc1 53. Kf3 Kc6 54. Na5+ Kd7 55. e5 Bd2 56. Nc4 Be1 57. Ke4 Ke6 58. Nd6
Ba5 59. Nf5 g6 60. Nxh6 Bc7 61. Nf5 Bxe5 62. Nh4 g5 63. Nf3 Bf4 64. Ne1 Kd6 65.
Nc2 Bc1 66. Na1 Kc6 67. Nb3 Bf4 68. Na5+ Kb5 69. Nc4 Bc7 70. Kf3 Kb4 71. Ke2
Kc3 72. Nd2 Bf4 73. Nc4 1/2-1/2

[Event "SM-gruppen"]
[Site "Växjö"]
[Date "2008.07.07"]
[Round "9"]
[White "Carlsson , Pontus "]
[Black "Hedman , Erik "]
[Result "1-0"]
[WhiteElo "2513"]
[BlackElo "2363"]
[PlyCount "81"]
[TimeControl "40/7200:20/3600:1800"]

1. e4 c5 2. Nf3 d6 3. d4 cxd4 4. Nxd4 Nf6 5. Nc3 a6 6. g3 e5 7. Nb3 Be7 8. Bg2
O-O 9. O-O b5 10. Bd2 Nbd7 11. Nd5 Nxd5 12. exd5 a5 13. a4 b4 14. c3 bxc3 15.
Bxc3 Qb6 16. Ra3 Bd8 17. Qd2 f5 18. Nxa5 Rxa5 19. Bxa5 Qxa5 20. b4 Qa7 21. a5
Bb6 22. Rc3 Bd4 23. Rc6 Ba6 24. Rfc1 Bb5 25. Rc7 Qb8 26. Qg5 Qe8 27. Bf1 h6 28.
Qd2 Qb8 29. Bxb5 Qxb5 30. Qc2 Nf6 31. Qc4 Rb8 32. Rc8+ Kh7 33. Rxb8 Qxb8 34.
Qc8 Qxb4 35. Qxf5+ Kg8 36. Qe6+ Kh7 37. Qf5+ Kg8 38. Rc8+ Kf7 39. Rc7+ Kg8 40.
Qe6+ Kh7 41. Qxf6 1-0

[Event "SM-gruppen"]
[Site "Växjö"]
[Date "2008.07.07"]
[Round "9"]
[White "Grandelius, Nils"]
[Black "Smith, Axel "]
[Result "1/2-1/2"]
[WhiteElo "2388"]
[BlackElo "2428"]
[PlyCount "33"]
[TimeControl "40/7200:20/3600:1800"]

1. d4 Nf6 2. c4 e6 3. g3 c5 4. d5 exd5 5. cxd5 d6 6. Bg2 Be7 7. Nc3 O-O 8. Nf3
Na6 9. O-O Re8 10. Re1 Rb8 11. a4 Nb4 12. h3 b6 13. Bf4 Nh5 14. Bd2 Nf6 15. Bf4
Nh5 16. Bd2 Nf6 17. Bf4 1/2-1/2

[Event "SM-gruppen"]
[Site "Växjö"]
[Date "2008.07.07"]
[Round "9"]
[White "Nithander , Victor"]
[Black "Agrest, Evgenij"]
[Result "1/2-1/2"]
[WhiteElo "2319"]
[BlackElo "2567"]
[PlyCount "91"]
[TimeControl "40/7200:20/3600:1800"]

1. e4 c6 2. d4 d5 3. Nc3 dxe4 4. Nxe4 Bf5 5. Ng3 Bg6 6. h4 h6 7. Nf3 Nd7 8. h5
Bh7 9. Bd3 Bxd3 10. Qxd3 e6 11. Bf4 Qa5+ 12. Bd2 Bb4 13. c3 Be7 14. c4 Qc7 15.
d5 cxd5 16. cxd5 Qd6 17. Qb3 Ngf6 18. dxe6 Qxe6+ 19. Qxe6 fxe6 20. O-O Kf7 21.
Rae1 Rhd8 22. Re2 Bd6 23. Nd4 Nf8 24. Nb5 Bc5 25. Rc1 b6 26. Bf4 Nd5 27. Be5
Nb4 28. Rc4 Rd1+ 29. Kh2 Nd3 30. Bc3 Rd8 31. Rg4 g5 32. hxg6+ Nxg6 33. Rxg6
Kxg6 34. Rxe6+ Kf7 35. Rf6+ Ke8 36. Ne4 Be7 37. Rxh6 Nc5 38. Nf6+ Bxf6 39. Bxf6
R8d7 40. f3 a6 41. Nc3 R1d6 42. Rh8+ Kf7 43. Be5 Rg6 44. Ne2 Nd3 45. Rh7+ Ke8
46. Rh8+ 1/2-1/2

[Event "SM-gruppen"]
[Site "Växjö"]
[Date "2008.07.07"]
[Round "9"]
[White "Lindberg, Bengt"]
[Black "Brynell, Stellan"]
[Result "1/2-1/2"]
[WhiteElo "2442"]
[BlackElo "2461"]
[PlyCount "28"]
[TimeControl "40/7200:20/3600:1800"]

1. e4 e5 2. Nf3 Nc6 3. Bb5 a6 4. Ba4 Nf6 5. O-O Be7 6. Re1 b5 7. Bb3 d6 8. c3
O-O 9. h3 Na5 10. Bc2 d5 11. d4 Nxe4 12. Nxe5 f6 13. Nd3 Bd6 14. Bf4 Nc4
1/2-1/2

[Event "SM-gruppen"]
[Site "Växjö"]
[Date "2008.07.07"]
[Round "9"]
[White "Hillarp-Persson , Tiger"]
[Black "Tikkanen, Hans"]
[Result "1-0"]
[WhiteElo "2491"]
[BlackElo "2437"]
[PlyCount "157"]
[TimeControl "40/7200:20/3600:1800"]

1. d4 d5 2. c4 e6 3. Nf3 c6 4. e3 Bd6 5. b3 f5 6. Be2 Nf6 7. O-O Qe7 8. Bb2 O-O
9. Nbd2 b6 10. Ne5 Bb7 11. Rc1 Ne4 12. Ndf3 Nd7 13. cxd5 cxd5 14. Nxd7 Qxd7 15.
Ne5 Qe7 16. f3 Nf6 17. Bb5 a6 18. Bc6 Rac8 19. Bxb7 Qxb7 20. Qd2 Rfe8 21. h3 h5
22. Qf2 Rxc1 23. Rxc1 Rc8 24. Nd3 Rxc1+ 25. Bxc1 Qc7 26. Qb2 Kf8 27. Bd2 Ke8
28. Be1 g5 29. a4 Kd8 30. a5 Nd7 31. axb6 Qxb6 32. Qc2 Qc7 33. Qa2 Qb7 34. Ba5+
Kc8 35. Qc2+ Kb8 36. Qc3 Qb5 37. Bd8 g4 38. Bg5 Kb7 39. Bf4 Qc6 40. Qd2 gxf3
41. gxf3 Be7 42. Kf2 Qb5 43. Qc3 Qc6 44. Qb2 Qc8 45. Qd2 Qc6 46. Ke2 Qc8 47.
Bg3 Qg8 48. Qe1 Qc8 49. Kd2 Qc6 50. Qd1 h4 51. Bf2 Qd6 52. Ke2 Bg5 53. Qg1 Qe7
54. Be1 Qd8 55. Bb4 Be7 56. Qe1 Bg5 57. Qg1 Be7 58. Bxe7 Qxe7 59. Nf4 Nf8 60.
Qe1 Kb6 61. Qc3 Kb7 62. Qa5 Qd6 63. Kd2 Qb6 64. Qa3 Qd8 65. Qb4+ Ka7 66. Qc5+
Kb7 67. b4 Kb8 68. Qc6 Qc8 69. Qd6+ Ka7 70. Nd3 Qb8 71. Qe7+ Kb6 72. Ne5 Kb5
73. Qc5+ Ka4 74. Qc2+ Kb5 75. Qc5+ Ka4 76. Nd3 Kb3 77. Qc3+ Ka4 78. Nb2+ Kb5
79. Qc5# 1-0

[Event "SM-gruppen"]
[Site "Växjö"]
[Date "2008.07.08"]
[Round "10"]
[White "Hector, Jonny "]
[Black "Berg, Emanuel"]
[Result "1-0"]
[WhiteElo "2532"]
[BlackElo "2601"]
[PlyCount "81"]
[TimeControl "40/7200:20/3600:1800"]

1. e4 c5 2. Nf3 d6 3. d4 cxd4 4. Nxd4 Nf6 5. Nc3 a6 6. Bg5 e6 7. f4 Qc7 8. Bxf6
gxf6 9. Be2 Nc6 10. Nb3 b5 11. Bh5 b4 12. Ne2 Bb7 13. O-O O-O-O 14. c4 Rg8 15.
Ng3 Kb8 16. Qd2 Bh6 17. Qf2 f5 18. exf5 e5 19. Bf3 exf4 20. Nh5 Ne5 21. Bxb7
Qxb7 22. Nf6 Ng4 23. Nxg4 Rxg4 24. Na5 Qa8 25. Qb6+ Kc8 26. Nc6 Rdg8 27. Rfe1
Bg5 28. Rad1 Qb7 29. Qxb7+ Kxb7 30. Rxd6 Bh4 31. Na5+ Ka7 32. g3 fxg3 33. h3
Rf4 34. Nc6+ Kb7 35. Rh6 g2 36. Na5+ Ka7 37. Nc6+ Kb7 38. Na5+ Ka7 39. Nc6+ Ka8
40. Rxh4 Rxh4 41. Re7 1-0

[Event "SM-gruppen"]
[Site "Växjö"]
[Date "2008.07.08"]
[Round "10"]
[White "Åkesson, Ralf "]
[Black "Grandelius, Nils "]
[Result "1-0"]
[WhiteElo "2466"]
[BlackElo "2388"]
[PlyCount "73"]
[TimeControl "40/7200:20/3600:1800"]

1. c4 Nf6 2. Nc3 c5 3. Nf3 b6 4. e4 d6 5. d4 cxd4 6. Nxd4 Bb7 7. f3 Nbd7 8. Be2
a6 9. Be3 e6 10. O-O Be7 11. a4 O-O 12. a5 Rc8 13. Nb3 bxa5 14. Nxa5 Ba8 15.
Qd2 Qc7 16. Rfb1 Rfd8 17. Kh1 h6 18. b4 d5 19. exd5 exd5 20. Bf4 Ne5 21. Qe3 d4
22. Bxe5 dxe3 23. Bxc7 Rxc7 24. c5 Rd2 25. Nc4 Rc2 26. Rxa6 Bd5 27. Nxd5 Nxd5
28. Bd3 Rc3 29. Ra8+ Bf8 30. Ra3 Rxa3 31. Nxa3 Nf4 32. Bc4 Rd7 33. g3 e2 34.
Re1 Nd3 35. c6 Nxe1 36. cxd7 Nd3 37. Nc2 1-0

[Event "SM-gruppen"]
[Site "Växjö"]
[Date "2008.07.08"]
[Round "10"]
[White "Hillarp-Persson , Tiger"]
[Black "Lindberg , Bengt "]
[Result "1-0"]
[WhiteElo "2491"]
[BlackElo "2442"]
[PlyCount "177"]
[TimeControl "40/7200:20/3600:1800"]

1. d4 Nf6 2. c4 e6 3. Nc3 Bb4 4. e3 b6 5. Bd3 Bb7 6. Nf3 Ne4 7. O-O Bxc3 8.
bxc3 f5 9. Ne1 O-O 10. f3 Nf6 11. a4 Nc6 12. e4 fxe4 13. fxe4 e5 14. Nc2 d6 15.
Bg5 Qe8 16. Bxf6 Rxf6 17. Rxf6 gxf6 18. Qe2 Qg6 19. Rf1 Kh8 20. Rf3 Qg5 21. h3
Rf8 22. Qf2 Bc8 23. Kh2 Bd7 24. a5 Nxa5 25. Ne3 c6 26. g4 Qg7 27. Nf5 Bxf5 28.
Rxf5 h6 29. c5 Qe7 30. cxb6 axb6 31. dxe5 dxe5 32. Qxb6 Nb7 33. Qxc6 Nd8 34.
Qb6 Ne6 35. Bf1 Nf4 36. h4 Kg7 37. Qe3 Rb8 38. c4 Rb2+ 39. Kg1 Rc2 40. Qg3 Qc5+
41. Kh1 Rc1 42. Qxf4 exf4 43. Rxc5 Rxf1+ 44. Kg2 Re1 45. Kf3 Rf1+ 46. Ke2 Rg1
47. Rc7+ Kf8 48. c5 Ke8 49. Rh7 Rxg4 50. c6 Kd8 51. Rxh6 Rg3 52. Rxf6 Re3+ 53.
Kf2 Rxe4 54. Kf3 Rc4 55. h5 Ke7 56. Rg6 Kf7 57. Kg4 Rc5 58. Rh6 Kg7 59. Rd6 Rc4
60. h6+ Kh7 61. Rf6 Kh8 62. Kf3 Kg8 63. Ke2 Rd4 64. Re6 Kh7 65. Rf6 Kg8 66.
Rg6+ Kh7 67. Re6 Rc4 68. Kd3 Rc1 69. Ke2 Rc3 70. Kd2 Rc5 71. Rf6 f3 72. Ke3
Rc3+ 73. Kd4 Rc2 74. Kd5 f2 75. Kd6 Rd2+ 76. Ke7 Rc2 77. Kd7 Rd2+ 78. Kc8 Re2
79. c7 Rd2 80. Kb7 Rb2+ 81. Kc6 Rc2+ 82. Kd7 Rd2+ 83. Ke8 Re2+ 84. Kd8 Rd2+ 85.
Kc8 Rc2 86. Rf3 Kxh6 87. Kd8 Rd2+ 88. Ke7 Re2+ 89. Kf6 1-0

[Event "SM-gruppen"]
[Site "Växjö"]
[Date "2008.07.08"]
[Round "10"]
[White "Agrest, Evgenij "]
[Black "Carlsson, Pontus "]
[Result "1-0"]
[WhiteElo "2567"]
[BlackElo "2513"]
[PlyCount "63"]
[TimeControl "40/7200:20/3600:1800"]

1. Nf3 Nf6 2. c4 c5 3. Nc3 e6 4. d4 cxd4 5. Nxd4 a6 6. g3 Qc7 7. Bg2 Qxc4 8.
O-O Nc6 9. Nb3 d5 10. Bf4 Qb4 11. a3 Qb6 12. e4 dxe4 13. Nd2 Nd5 14. Nc4 Qd8
15. Nxe4 Nxf4 16. gxf4 Be7 17. Ned6+ Bxd6 18. Nxd6+ Ke7 19. Nc4 Qxd1 20. Rfxd1
Rb8 21. Bxc6 bxc6 22. Ne5 Rxb2 23. Rac1 Kf6 24. h4 Rb5 25. Rxc6 Rf8 26. Rdc1
Rb8 27. Rc7 a5 28. R1c5 g6 29. Rxa5 Rb1+ 30. Kh2 Bb7 31. f3 Kg7 32. Ra7 1-0

[Event "SM-gruppen"]
[Site "Växjö"]
[Date "2008.07.08"]
[Round "10"]
[White "Brynell , Stellan"]
[Black "Karlsson, Lars"]
[Result "1/2-1/2"]
[WhiteElo "2461"]
[BlackElo "2475"]
[PlyCount "137"]
[TimeControl "40/7200:20/3600:1800"]

1. d4 g6 2. e4 Bg7 3. Nf3 d6 4. Bc4 a6 5. O-O e6 6. Re1 Ne7 7. Bb3 O-O 8. c3 b6
9. Nbd2 Bb7 10. Nf1 Nd7 11. Ng3 c5 12. h4 cxd4 13. cxd4 e5 14. dxe5 dxe5 15.
Bg5 h6 16. Be3 Nc5 17. Bxc5 bxc5 18. h5 Kh8 19. Qxd8 Raxd8 20. Rad1 f5 21. hxg6
f4 22. Nh5 Nxg6 23. Rc1 Rc8 24. Be6 Rc7 25. b4 Bc8 26. Nxg7 Kxg7 27. Bd5 Bg4
28. Rxc5 Rxc5 29. bxc5 Bxf3 30. gxf3 Rc8 31. Rc1 Rc7 32. c6 Kf6 33. Rb1 Ke7 34.
Rb8 Nh4 35. Rh8 Nxf3+ 36. Kg2 Nd4 37. Rxh6 a5 38. Kh3 Kd8 39. Rh8+ Ke7 40. Kg4
Kd6 41. Rh6+ Kc5 42. Kg5 a4 43. Rh1 Kd6 44. Rc1 Rc8 45. Rc4 a3 46. Kf6 Rf8+ 47.
Kg7 Rc8 48. Kf6 Rf8+ 49. Kg7 Rc8 50. Kf7 Nb5 51. Rc2 Rb8 52. Kf6 Nc7 53. Bb3
Rf8+ 54. Kg7 Rb8 55. Rd2+ Kxc6 56. Kf6 Na6 57. Kxe5 Rxb3 58. axb3 Nb4 59. Kxf4
a2 60. Rxa2 Nxa2 61. Kf5 Nc1 62. Kf6 Nxb3 63. e5 Kd7 64. Kf7 Nd4 65. f4 Nf5 66.
Kf6 Nd4 67. f5 Nxf5 68. e6+ Kd6 69. Kxf5 1/2-1/2

[Event "SM-gruppen"]
[Site "Växjö"]
[Date "2008.07.08"]
[Round "10"]
[White "Smith, Axel"]
[Black "Nithander, Victor"]
[Result "0-1"]
[WhiteElo "2428"]
[BlackElo "2319"]
[PlyCount "86"]
[TimeControl "40/7200:20/3600:1800"]

1. d4 Nf6 2. c4 g6 3. Nc3 Bg7 4. e4 d6 5. Be2 O-O 6. Nf3 e5 7. O-O Nc6 8. d5
Ne7 9. b4 Nh5 10. Re1 a5 11. bxa5 Rxa5 12. Nd2 Nf4 13. Bf1 c5 14. dxc6 bxc6 15.
Nb3 Ra8 16. Re3 f5 17. g3 fxe4 18. Bb2 d5 19. cxd5 cxd5 20. gxf4 exf4 21. Re1
Nf5 22. Kh1 Nh4 23. Qxd5+ Qxd5 24. Nxd5 Bxb2 25. Rab1 Ba3 26. Bc4 Kh8 27. Nd2
Bh3 28. Nxe4 Bg2+ 29. Kg1 Bxe4 30. Rxe4 Nf3+ 31. Kg2 Nd2 32. Rbe1 Nxe4 33. Rxe4
f3+ 34. Kh3 Bc5 35. Nc7 Rac8 36. Ne6 Rfe8 37. Nxc5 Rxe4 38. Nxe4 Rxc4 39. Ng5
Ra4 40. Kg3 Rxa2 41. Kxf3 Kg7 42. Ne4 Ra3+ 43. Kg4 h5+ 0-1

[Event "SM-gruppen"]
[Site "Växjö"]
[Date "2008.07.08"]
[Round "10"]
[White "Tikkanen, Hans"]
[Black "Hedman  , Erik"]
[Result "1-0"]
[WhiteElo "2437"]
[BlackElo "2363"]
[PlyCount "55"]
[TimeControl "40/7200:20/3600:1800"]

1. d4 Nf6 2. c4 c5 3. d5 e6 4. Nc3 exd5 5. cxd5 d6 6. e4 g6 7. f4 Bg7 8. Bb5+
Nfd7 9. Be2 O-O 10. Nf3 Na6 11. O-O Nc7 12. f5 gxf5 13. exf5 Ne5 14. Ng5 f6 15.
Ne6 Bxe6 16. fxe6 f5 17. Bd3 Ng4 18. Bxf5 Bd4+ 19. Kh1 Qh4 20. Bxg4 Rxf1+ 21.
Qxf1 Qxg4 22. Qf7+ Kh8 23. Bf4 Rg8 24. Bg3 Ne8 25. Re1 Qg5 26. e7 Qg6 27. Qxg6
Rxg6 28. Ne4 1-0

[Event "SM-gruppen"]
[Site "Växjö"]
[Date "2008.07.09"]
[Round "11"]
[White "Karlsson , Lars "]
[Black "Hillarp-Persson, Tiger"]
[Result "0-1"]
[WhiteElo "2475"]
[BlackElo "2491"]
[PlyCount "60"]
[TimeControl "40/7200:20/3600:1800"]

1. f4 d5 2. e3 g6 3. Nf3 Bg7 4. Be2 c6 5. O-O Bg4 6. c4 e6 7. d4 Ne7 8. Nc3 O-O
9. h3 Bxf3 10. Bxf3 Nd7 11. b3 dxc4 12. bxc4 c5 13. Rb1 cxd4 14. exd4 Nb6 15.
Ne2 Nxc4 16. Qd3 Nd6 17. Ba3 Rb8 18. g4 Re8 19. Kh1 b6 20. f5 exf5 21. d5 fxg4
22. Bxg4 h5 23. Rxf7 Nxf7 24. Be6 Nf5 25. Nf4 Rxe6 26. Nxe6 Ne5 27. Qb3 Qh4 28.
d6 Qe4+ 29. Kg1 Bh6 30. Bc5 Nf3+ 0-1

[Event "SM-gruppen"]
[Site "Växjö"]
[Date "2008.07.09"]
[Round "11"]
[White "Hedman, Erik"]
[Black "Agrest, Evgenij"]
[Result "0-1"]
[WhiteElo "2363"]
[BlackElo "2567"]
[PlyCount "64"]
[TimeControl "40/7200:20/3600:1800"]

1. d4 d5 2. c4 c6 3. Nf3 Nf6 4. e3 a6 5. Qc2 Bg4 6. Ne5 Be6 7. cxd5 cxd5 8. Nc3
g6 9. Bd3 Bg7 10. f4 O-O 11. h3 Nfd7 12. Nf3 Nc6 13. a3 Nf6 14. g4 Rc8 15. Qg2
Na5 16. f5 Bd7 17. Bd2 Nc4 18. Bxc4 Rxc4 19. Ne5 Rc8 20. fxg6 fxg6 21. O-O Be6
22. Be1 Qb6 23. Bg3 Qb3 24. Rad1 Ne4 25. Nxe4 dxe4 26. Qxe4 Rxf1+ 27. Rxf1 Bd5
28. Qd3 Qxb2 29. e4 Rc3 30. Rb1 Rxd3 31. Rxb2 Rxg3+ 32. Kf2 Rb3 0-1

[Event "SM-gruppen"]
[Site "Växjö"]
[Date "2008.07.09"]
[Round "11"]
[White "Berg, Emanuel"]
[Black "Brynell, Stellan"]
[Result "1-0"]
[WhiteElo "2601"]
[BlackElo "2461"]
[PlyCount "123"]
[TimeControl "40/7200:20/3600:1800"]

1. e4 e6 2. d4 d5 3. Nc3 Nf6 4. Bg5 dxe4 5. Nxe4 Be7 6. Bxf6 Bxf6 7. Nf3 Nd7 8.
Qd2 b6 9. Bb5 O-O 10. Bc6 Rb8 11. O-O-O Bb7 12. Bxb7 Rxb7 13. d5 Nc5 14. Rhe1
Nxe4 15. Rxe4 Qxd5 16. Qxd5 exd5 17. Rxd5 c6 18. Rd6 Rc7 19. Nd4 Bxd4 20. Rexd4
g6 21. Kd2 Re8 22. Rd7 Re7 23. Rxe7 Rxe7 24. Rd8+ Kg7 25. Rc8 c5 26. a4 Kf6 27.
a5 Ke5 28. Rb8 bxa5 29. Rb5 Kd5 30. Rxa5 Kc6 31. Ra6+ Kb5 32. Rf6 Kb4 33. g4
Rd7+ 34. Ke3 Re7+ 35. Kf3 c4 36. Rc6 Rd7 37. Rc8 Rd2 38. Rb8+ Kc5 39. Rc8+ Kb4
40. Rb8+ Kc5 41. c3 Rd3+ 42. Ke4 Rd2 43. Ke3 Rd3+ 44. Ke2 Rd7 45. h4 Re7+ 46.
Kf3 f5 47. gxf5 Rf7 48. Kg3 gxf5 49. Kf4 a5 50. f3 h6 51. h5 Rg7 52. Rh8 Rb7
53. Rxh6 Rxb2 54. Rh8 Rh2 55. Kxf5 Kb5 56. h6 Ka4 57. h7 Ka3 58. Ke4 a4 59. f4
Rh4 60. Kd5 Ka2 61. f5 a3 62. f6 1-0

[Event "SM-gruppen"]
[Site "Växjö"]
[Date "2008.07.09"]
[Round "11"]
[White "Nithander, Victor"]
[Black "Åkesson, Ralf"]
[Result "1/2-1/2"]
[WhiteElo "2319"]
[BlackElo "2466"]
[PlyCount "82"]
[TimeControl "40/7200:20/3600:1800"]

1. e4 c5 2. Nf3 d6 3. d4 cxd4 4. Nxd4 Nf6 5. Nc3 a6 6. Be2 e6 7. a4 Be7 8. O-O
Nc6 9. Be3 O-O 10. f4 Qc7 11. Qe1 Nxd4 12. Bxd4 e5 13. Be3 exf4 14. Bd4 Be6 15.
Rxf4 d5 16. Rxf6 Bxf6 17. Bxf6 gxf6 18. exd5 Bf5 19. Qf2 Bxc2 20. Qxf6 Rad8 21.
Kh1 Rfe8 22. Rf1 Bg6 23. Bf3 Qc4 24. Rg1 Qb4 25. h4 Qe7 26. Qxe7 Rxe7 27. h5
Bc2 28. Rc1 Bb3 29. Ne4 Kg7 30. d6 Re5 31. Nc5 Bd5 32. Bxd5 Rxh5+ 33. Kg1 Rxd5
34. Nxb7 Re8 35. Rc7 Re1+ 36. Kf2 Red1 37. b4 R1d2+ 38. Kg3 R2d3+ 39. Kf2 Kf6
40. b5 axb5 41. axb5 Rxb5 1/2-1/2

[Event "SM-gruppen"]
[Site "Växjö"]
[Date "2008.07.09"]
[Round "11"]
[White "Grandelius, Nils"]
[Black "Hector, Jonny"]
[Result "1-0"]
[WhiteElo "2388"]
[BlackElo "2532"]
[PlyCount "77"]
[TimeControl "40/7200:20/3600:1800"]

1. e4 e5 2. Nf3 Nc6 3. Bb5 a6 4. Ba4 Nf6 5. O-O Be7 6. Re1 b5 7. Bb3 Bb7 8. d4
Nxd4 9. Bxf7+ Kf8 10. Bd5 c6 11. Nxe5 cxd5 12. Qxd4 d6 13. Nd3 dxe4 14. Nf4 Kf7
15. Nc3 d5 16. Be3 g5 17. Nfe2 Rc8 18. Bxg5 Rg8 19. Qe5 b4 20. Nd1 d4 21. Bh4
Bc5 22. Ng3 e3 23. fxe3 Bd6 24. Qxd4 Rxc2 25. Nf2 Bxg3 26. Bxg3 Qxd4 27. exd4
Rxb2 28. Reb1 Rxb1+ 29. Rxb1 a5 30. a3 h5 31. axb4 h4 32. bxa5 Bd5 33. Bxh4
Rxg2+ 34. Kf1 Rg8 35. Rc1 Nh5 36. Nd3 Be4 37. Rc7+ Ke6 38. Re7+ Kd5 39. Nb4+
1-0

[Event "SM-gruppen"]
[Site "Växjö"]
[Date "2008.07.09"]
[Round "11"]
[White "Lindberg, Bengt "]
[Black "Tikkanen, Hans"]
[Result "1-0"]
[WhiteElo "2442"]
[BlackElo "2437"]
[PlyCount "57"]
[TimeControl "40/7200:20/3600:1800"]

1. e4 e5 2. Nf3 Nc6 3. Bb5 Nf6 4. O-O Nxe4 5. Re1 Nd6 6. Nxe5 Be7 7. Bf1 Nxe5
8. Rxe5 O-O 9. d4 Ne8 10. c4 Bf6 11. Re1 d5 12. cxd5 Qxd5 13. Be3 Bf5 14. Nc3
Qd7 15. Qf3 Nd6 16. Nd5 Bd8 17. Bf4 Bg4 18. Qg3 Be6 19. Ne3 Nf5 20. Nxf5 Bxf5
21. Rad1 c6 22. Be5 Bg6 23. Bc4 b5 24. Bb3 Ba5 25. Re3 Kh8 26. Bc2 f5 27. Bb3
Rae8 28. Qxg6 Rxe5 29. Rh3 1-0

[Event "SM-gruppen"]
[Site "Växjö"]
[Date "2008.07.09"]
[Round "11"]
[White "Carlsson , Pontus "]
[Black "Smith, Axel"]
[Result "1-0"]
[WhiteElo "2513"]
[BlackElo "2428"]
[PlyCount "93"]
[TimeControl "40/7200:20/3600:1800"]

1. e4 e5 2. Nf3 Nc6 3. Bb5 Nf6 4. O-O Nxe4 5. d4 Nd6 6. dxe5 Nxb5 7. a4 Nbd4 8.
Nxd4 Nxd4 9. Qxd4 d5 10. exd6 Qxd6 11. Qe4+ Qe6 12. Qd4 Qd6 13. Qe3+ Be7 14.
Nc3 c6 15. Ne4 Qc7 16. Qf3 O-O 17. Bf4 Qa5 18. Rfe1 Be6 19. Qg3 Qf5 20. Be5 Qg6
21. Qc3 Bd5 22. Ng3 Rfe8 23. a5 Rad8 24. Rad1 a6 25. Bc7 Rc8 26. Be5 f6 27. Bd4
Bd6 28. Bc5 Be5 29. Bd4 Bxd4 30. Rxe8+ Rxe8 31. Rxd4 Re7 32. Qd2 h6 33. h4 Kh8
34. Kh2 Qf7 35. b3 Rd7 36. c4 Be6 37. Rxd7 Bxd7 38. Qd6 g5 39. Ne4 Kg7 40. Nxf6
Be6 41. hxg5 hxg5 42. Ne4 g4 43. Qe5+ Kf8 44. Ng5 Qh5+ 45. Kg3 Bf7 46. Qf6 Qh8
47. Qxf7# 1-0

[Event "SM-gruppen"]
[Site "Växjö"]
[Date "2008.07.10"]
[Round "12"]
[White "Hillarp-Persson, Tiger"]
[Black "Berg, Emanuel"]
[Result "1/2-1/2"]
[WhiteElo "2491"]
[BlackElo "2601"]
[PlyCount "73"]
[TimeControl "40/7200:20/3600:1800"]

1. c4 g6 2. g3 Bg7 3. Bg2 e5 4. Nc3 Ne7 5. Nf3 d6 6. O-O O-O 7. d3 h6 8. Rb1 f5
9. Ne1 c6 10. b4 Nd7 11. b5 c5 12. Nc2 g5 13. Ne3 Nf6 14. f4 gxf4 15. gxf4 exf4
16. Ned5 Nfxd5 17. Nxd5 Nxd5 18. Bxd5+ Kh7 19. Bxf4 Qe7 20. e3 Be6 21. Qf3 Bxd5
22. Qxd5 Be5 23. Kh1 Rf6 24. Rg1 Qf7 25. Qf3 Bxf4 26. exf4 Re8 27. Rbe1 Rfe6
28. Qd5 R8e7 29. a4 Rxe1 30. Qxf7+ Rxf7 31. Rxe1 Kg7 32. Kg2 Rf6 33. Re7+ Rf7
34. Re3 Rf6 35. Re7+ Rf7 36. Re1 Rf6 37. Re7+ 1/2-1/2

[Event "SM-gruppen"]
[Site "Växjö"]
[Date "2008.07.10"]
[Round "12"]
[White "Brynell, Stellan"]
[Black "Grandelius , Nils"]
[Result "1/2-1/2"]
[WhiteElo "2461"]
[BlackElo "2388"]
[PlyCount "36"]
[TimeControl "40/7200:20/3600:1800"]

1. d4 Nf6 2. Nf3 g6 3. c4 Bg7 4. g3 O-O 5. Bg2 c6 6. Nc3 d5 7. cxd5 cxd5 8. Ne5
e6 9. O-O Nfd7 10. f4 Nc6 11. b3 Ndxe5 12. dxe5 Qe7 13. Bb2 f6 14. exf6 Bxf6
15. Qd2 Qg7 16. Rac1 Bd7 17. Rfd1 g5 18. e3 gxf4 1/2-1/2

[Event "SM-gruppen"]
[Site "Växjö"]
[Date "2008.07.10"]
[Round "12"]
[White "Tikkanen, Hans"]
[Black "Agrest, Evgenij "]
[Result "0-1"]
[WhiteElo "2437"]
[BlackElo "2567"]
[PlyCount "74"]
[TimeControl "40/7200:20/3600:1800"]

1. d4 Nf6 2. c4 e6 3. Nc3 Bb4 4. Nf3 b6 5. Qb3 c5 6. Bg5 Bb7 7. e3 O-O 8. Be2
Nc6 9. a3 Na5 10. Qa2 Bxc3+ 11. bxc3 Rc8 12. O-O h6 13. Bh4 Bxf3 14. gxf3 Qc7
15. Rac1 Nh7 16. f4 f5 17. f3 Kh8 18. Kh1 Rf7 19. Bd3 Re8 20. Rg1 Nf8 21. Bg3
d5 22. cxd5 c4 23. dxe6 Rxe6 24. Bxf5 Rxf5 25. e4 Rxf4 26. Qd2 Ng6 27. Rcd1 Qf7
28. d5 Re8 29. Bxf4 Nxf4 30. Qe1 Nb7 31. Rd2 Nc5 32. Qh4 Ncd3 33. h3 Nh5 34.
Kg2 Rf8 35. Rf1 g5 36. Qg4 Ne5 37. Qf5 Qg7 0-1

[Event "SM-gruppen"]
[Site "Växjö"]
[Date "2008.07.10"]
[Round "12"]
[White "Lindberg, Bengt "]
[Black "Karlsson, Lars"]
[Result "0-1"]
[WhiteElo "2442"]
[BlackElo "2475"]
[PlyCount "92"]
[TimeControl "40/7200:20/3600:1800"]

1. e4 g6 2. d4 d6 3. Nc3 Bg7 4. f4 Nf6 5. Nf3 O-O 6. Bd3 Na6 7. O-O c5 8. d5
Bg4 9. Bc4 Rb8 10. h3 Bxf3 11. Qxf3 Nd7 12. Re1 Nc7 13. a4 a6 14. a5 b5 15.
axb6 Nxb6 16. Bf1 e6 17. dxe6 fxe6 18. Nd1 d5 19. Nf2 c4 20. c3 Qd7 21. exd5
exd5 22. Ng4 Rbe8 23. Rxe8 Qxe8 24. Be3 Qc6 25. Qf2 Nd7 26. Rd1 h5 27. Nh2 Nf6
28. Nf3 Ne4 29. Qe1 Qb7 30. Nd2 Nd6 31. Rb1 Re8 32. Qf2 Nf5 33. Bb6 Ne6 34. Re1
Qc6 35. Nf3 Nxf4 36. Rxe8+ Qxe8 37. Nd4 Bxd4 38. Bxd4 Nd3 39. Qd2 Nxd4 40. Bxd3
cxd3 41. cxd4 Qe4 42. Qf2 h4 43. b4 Kg7 44. Kf1 g5 45. Kg1 Kg6 46. Kh1 g4 0-1